 Dungeon Crawl Stone Soup version 0.22.0 (webtiles) character file.

172608 Jannitor the Spear-Bearer (level 18, 0/129 HPs)
             Began as an Octopode Gladiator on Aug 10, 2018.
             Was an Initiate of Gozag.
             Shot with a sling bullet by a satyr (6 damage)
             ... on level 4 of the Shoals.
             The game lasted 01:52:25 (53067 turns).

Jannitor the Spear-Bearer (Octopode Gladiator)     Turns: 53067, Time: 01:52:25

Health: 0/129      AC:  1    Str: 14    XL:     18   Next: 3%
Magic:  18/31      EV: 25    Int: 26    God:    Gozag
Gold:   3710       SH: 17    Dex: 18    Spells: 4/35 levels left

rFire    + . .     SeeInvis .   E - +8 demon trident (drain)
rCold    + . .     Gourm    .   Q - +5 shield
rNeg     + . .     Faith    .   b - +0 hat
rPois    +         Spirit   .   N - amulet of rage
rElec    .         Reflect  .   r - ring of poison resistance
rCorr    +         Harm     .   B - +3 ring of evasion
MR       ++...     Clarity  +   K - ring of flight
Stlth    ++++......             G - +6 ring of intelligence
HPRegen  1.31/turn              P - ring of protection from cold
MPRegen  0.22/turn              D - ring of resist corrosion
                                O - ring of protection from fire
                                x - ring of positive energy

@: brilliant, radiating poison, gold aura, regenerating
A: almost no armour, stealthy swim, amphibious, 8 rings, constrict 8, camouflage
1, agile 1, clarity, magic resistance 1, gelatinous body 1, no potion heal 1
a: Potion Petition, Call Merchant, Bribe Branch, Renounce Religion, Evoke
Berserk Rage, Evoke Flight


You were on level 4 of the Shoals.
You worshipped Gozag.
Gozag was most pleased with you.
You were not hungry.

You visited 6 branches of the dungeon, and saw 30 of its levels.
You also visited: Sewer and Bailey.

You collected 11696 gold pieces.
You spent 4235 gold pieces at shops.
You paid 3751 gold pieces to Gozag.

Inventory:

Hand Weapons
 E - a +8 demon trident of draining (weapon)
Missiles
 c - 10 throwing nets
 y - 10 steel javelins (quivered)
 C - 6 tomahawks of dispersal
Armour
 b - a +0 hat (worn)
 Q - a +5 shield (worn)
Jewellery
 a - an uncursed ring of magical power
 h - an uncursed amulet of faith {unknown}
 r - a ring of poison resistance (left tentacle)
 t - an uncursed amulet of the gourmand
 x - a ring of positive energy (on tentacle)
 B - a +3 ring of evasion (right tentacle)
 D - a ring of resist corrosion (on tentacle)
 G - a +6 ring of intelligence (on tentacle)
 H - an uncursed ring of fire
 K - a ring of flight (on tentacle)
 N - an amulet of rage (around mantle)
 O - a ring of protection from fire (on tentacle)
 P - a ring of protection from cold (on tentacle)
 T - an uncursed ring of ice
Wands
 q - a wand of random effects (48)
 w - a wand of iceblast (2)
 M - a wand of enslavement (2)
 Y - a wand of polymorph (9)
Scrolls
 g - 14 scrolls of remove curse
 l - 20 scrolls of identify
 p - 4 scrolls of enchant armour
 A - 5 scrolls of teleportation
 F - 6 scrolls of amnesia
 I - 4 scrolls of fear
 J - 3 scrolls of magic mapping
 R - 3 scrolls of fog
 S - a scroll of vulnerability
 U - 3 scrolls of holy word
 V - a scroll of silence
Potions
 e - a potion of ambrosia
 f - 18 potions of curing
 i - a potion of experience {unknown}
 k - 3 potions of lignification
 m - 9 potions of flight
 n - 9 potions of brilliance
 o - 3 potions of might
 s - a potion of invisibility
 u - 5 potions of haste
 L - 3 potions of resistance
 W - 4 potions of cancellation
 X - a potion of berserk rage
 Z - 3 potions of agility
Miscellaneous
 v - a fan of gales
 z - a phantom mirror
Comestibles
 d - 15 rations


   Skills:
 + Level 13.6 Fighting
 + Level 13.7 Polearms
 - Level 2.0 Throwing
 - Level 11.8 Dodging
 - Level 4.8 Stealth
 + Level 11.7 Shields
 + Level 9.0 Spellcasting
 - Level 7.8 Hexes
 - Level 6.3 Charms
 + Level 6.2 Necromancy
 + Level 7.4 Earth Magic
 - Level 8.6 Poison Magic
 - Level 9.6 Evocations


You had 4 spell levels left.
You knew the following spells:

 Your Spells              Type           Power        Failure   Level  Hunger
a - Slow                  Hex            ######..     1%          2    None
b - Poisonous Vapours     Pois/Air       #####.       1%          2    None
c - Borgnjor's Vile Clut  Necr/Erth      ######....   1%          5    ####...
d - Death Channel         Necr           ######....   10%         6    ######.
e - Olgreb's Toxic Radia  Pois           ######..     1%          4    #......
f - Spectral Weapon       Hex/Chrm       ######..     1%          3    None
g - Regeneration          Chrm/Necr      ######....   1%          3    None
h - Statue Form           Tmut/Erth      #####....    26%         6    ######.

Your spell library contained the following spells:

 Spells                   Type           Power        Failure   Level  Hunger
 Cause Fear               Hex            ######....   1%          4    #......
 Mephitic Cloud           Conj/Pois/Air  #####...     1%          3    None
 Venom Bolt               Conj/Pois      #####.....   4%          5    ####...
 Animate Dead             Necr           N/A          1%          4    #......
 Sting                    Conj/Pois      ####         1%          1    None
 Stone Arrow              Conj/Erth      #####.       1%          3    None
 Recall                   Summ/Tloc      N/A          2%          3    None
 Dragon Form              Tmut           ####......   99%         7    #######
 Deflect Missiles         Chrm/Air       #####.....   30%         6    ######.
 Passwall                 Tmut/Erth      #####...     1%          2    None
 Silence                  Hex/Air        #####.....   4%          5    ####...
 Corona                   Hex            ######.      1%          1    None
 Lee's Rapid Deconstruct  Erth           ######....   1%          5    ####...
 Sandblast                Erth           ######       1%          1    None
 Simulacrum               Ice/Necr       #####.....   30%         6    ######.
 Portal Projectile        Hex/Tloc       #####.       1%          3    None
 Petrify                  Tmut/Erth      #####...     2%          4    #......
 Leda's Liquefaction      Hex/Erth       ######....   1%          4    #......
 Shroud of Golubria       Chrm/Tloc      #####.....   1%          2    None
 Inner Flame              Hex/Fire       #####...     1%          3    None
 Infusion                 Chrm           ####         1%          1    None
 Song of Slaying          Chrm           ######..     1%          2    None
 Discord                  Hex            ######....   83%         8    #######
 Hydra Form               Tmut           ####......   67%         6    ######.
 Irradiate                Conj/Tmut      ####......   22%         5    ####...
 Yara's Violent Unravell  Hex/Tmut       #####.....   4%          5    ####...


Dungeon Overview and Level Annotations

Branches:
Dungeon (14/15)            Temple (1/1) D:5            Lair (6/6) D:8
 Shoals (4/4) Lair:4        Snake (3/4) Lair:2        Slime (0/5) Lair:6
    Orc (2/2) D:10            Elf (0/3) Orc:2
 Vaults: D:13-14

Altars:
Ashenzari
Cheibriados
Dithmenos
Elyvilon
Fedhas
Gozag
Hepliaklqana
Kikubaaqudgha
Makhleb
Nemelex Xobeh
Okawaru
Qazlal
Ru
Sif Muna
Trog
Uskayaw
Vehumet
Wu Jian
Xom
Yredelemnul
Zin
The Shining One

Shops:
D:9 (   D:11 ?*!%   D:13 *(   Orc:1 (   Orc:2 ![:*   Lair:4 ((   Shoals:2 *(!(
Snake:1 [   Snake:3 (

Annotations:
Lair:4 exclusions: hydra and 2 oklob plants
Lair:6 2 runed doors, exclusion: oklob plant
Snake:1 3 runed doors, ExaRaiun's ghost, journeyman HOFi; facsimile's ghost, adept FoWz
Snake:2 3 runed doors, exclusion: obsidian statue, Pisosu's ghost, journeyman MiBe


Innate Abilities, Weirdness & Mutations

You cannot wear most types of armour.
You are very stealthy in the water. (Stealth+)
You are amphibious.
You can wear up to eight rings at the same time.
You can use your tentacles to constrict eight enemies at once.
Your skin changes colour to match your surroundings (Stealth+).
Your rubbery body absorbs attacks. (AC +1, EV +1)
You are agile. (Dex +2)
You possess an exceptional clarity of mind.
You are resistant to hostile enchantments. (MR+)
Potions are less effective at restoring your health.


Message History

The wind drake flaps its wings at you. The air twists around and strikes you!
* * * LOW HITPOINT WARNING * * *
Unknown command.
Evoke which item? (* to show all) (? for menu, Esc to quit)
Aiming: Iceblast
Press: ? - help, Shift-Dir - straight line, f/p - wind drake
Aim: a wind drake (almost dead, poisoned, deflecting missiles, constricted by zombie hands)
The mass of ice explodes!
The iceblast engulfs the wind drake.
You kill the wind drake!
The iceblast engulfs the merfolk impaler.
You kill the merfolk impaler!
You hear a splash. x2
The iceblast engulfs the satyr.
The satyr is heavily wounded.
The satyr shoots a sling bullet.
The sling bullet hits you!!
* * * LOW HITPOINT WARNING * * *
The sling bullet burns you.
You die...
Your body crumbles into a pile of gold.

# #..≈≈##...##.≈≈≈≈........... #
##.≈≈≈#)....#≈≈≈≈≈... .......
#####PP≈≈≈#..).c#≈≈≈...###..≈≈...
P..#.≈.≈)≈#≈≈.(.#≈≈≈...##....≈...
P≈≈≈≈≈≈≈≈≈##$c.##≈(≈.....)....≈≈.
≈≈P≈≈≈≈≈≈≈≈##$##...≈≈......≈≈.≈≈.
≈PP≈≈≈≈≈≈≈≈≈≈≈$............≈≈....
≈≈≈≈≈≈≈≈≈≈≈≈≈≈≈........(...≈≈..≈≈
≈≈≈≈≈≈≈≈≈≈≈≈≈≈≈≈@..≈≈....(..≈≈≈≈≈
≈≈≈≈≈≈≈≈≈≈≈≈≈≈≈≈≈(≈≈≈≈......≈≈≈≈≈
≈≈≈≈≈≈≈≈≈≈≈≈≈≈≈≈≈≈≈≈≈≈≈.≈.≈≈≈≈≈≈≈
≈≈≈≈≈≈≈≈≈≈≈≈≈≈≈≈≈≈≈≈≈≈≈≈≈≈≈≈≈≈≈≈≈
≈≈≈≈≈≈≈≈≈≈≈≈≈≈≈≈≈≈≈≈≈≈≈≈≈≈≈≈≈≈≈≈≈
≈≈≈≈≈≈≈≈≈≈≈≈≈≈≈≈≈≈≈≈≈≈≈≈≈≈≈≈≈≈≈≈≈
≈≈≈≈≈≈≈≈≈≈≈≈≈≈≈≈≈≈≈≈≈≈≈≈≈≈≈≈≈≈≈≈≈
≈≈≈≈≈≈≈≈≈≈≈≈≈≈≈≈≈≈≈≈≈≈≈≈≈≈≈≈≈≈≈≈≈
#########################


You could see a satyr and a friendly spectral demon trident of draining.

Vanquished Creatures
  2 krakens
  A storm dragon (Bailey)
  4 nagarajas
  2 ettins
  A merfolk javelineer (Shoals:2)
  4 merfolk impalers
  Josephine (Orc:2)
  Erolcha (Orc:2)
  6 hydras
  9 naga warriors
  A merfolk avatar (Shoals:2)
  A death knight (D:11)
  A catoblepas (Lair:6)
  5 satyrs
  13 anacondas
  2 two-headed ogres
  Erica (Lair:2)
  An alligator snapping turtle (Shoals:2)
  3 death yaks (D:8)
  2 centaur warriors
  8 merfolk aquamancers
  A queen ant (Lair:2)
  5 shock serpents
  8 naga sharpshooters
  4 skeletal warriors
  6 sea snakes
  3 salamander mystics
  3 unseen horrors
  A glowing orange brain (shapeshifter) (D:11)
  5 naga ritualists
  A wolf spider zombie (D:13)
  A harpy (shapeshifter) (D:11)
  2 lindwurms
  10 mana vipers
  5 ugly things (D:11)
  7 cyclopes
  12 fauns
  3 deep elf magi
  An orc sorcerer (Orc:1)
  8 salamanders
  13 manticores
  8 orc knights
  6 merfolk sirens
  3 elephants (Lair:5)
  4 guardian serpents
  3 water nymphs
  33 black mambas
  12 naga magi
  A kobold demonologist (D:11)
  2 molten gargoyles (Lair:6)
  7 spiny frogs
  A gargoyle (D:13)
  2 rime drakes
  11 komodo dragons
  20 merfolk
  A polar bear (Lair:5)
  3 wind drakes
  A troll (D:9)
  5 dream sheep
  12 hippogriffs
  14 blink frogs (Lair:4)
  7 snapping turtles
  2 slime creatures
  2 shadows
  45 yaks
  A wyvern (Lair:6)
  4 water elementals
  4 wraiths
  Eustachio (D:9)
  4 basilisks
  5 hungry ghosts
  2 vampire mosquitoes (D:11)
  40 nagas
  2 wargs
  2 acid dragons
  A soldier ant (shapeshifter) (D:13)
  14 soldier ants
  11 water moccasins
  8 porcupines
  4 sky beasts
  5 hell hounds (Lair:6)
  2 eyes of draining (D:11)
  42 orc warriors
  2 necrophages
  3 ice beasts
  2 black bears
  A phantom (D:4)
  7 ogres
  10 wolves
  16 crocodiles
  17 centaurs
  4 big kobolds
  Blork the orc (D:4)
  2 gnoll sergeants
  16 bullfrogs
  9 scorpions
  A water moccasin skeleton (D:7)
  4 troll zombies (D:10)
  17 killer bees
  7 wights
  7 howler monkeys
  3 centaur zombies
  5 lava snakes (Lair:6)
  5 crimson imps
  A bullfrog zombie (D:12)
  6 hounds
  7 jellies
  3 bullfrog skeletons
  2 centaur skeletons
  21 orc priests
  30 orc wizards
  6 iguanas
  Jessica (D:3)
  39 worker ants
  4 ogre zombies (D:10)
  3 hound skeletons
  A howler monkey zombie (D:11)
  A worker ant zombie (D:11)
  27 gnolls
  A howler monkey skeleton (D:5)
  11 adders
  5 river rats
  2 shadow imps
  6 oozes
  An adder skeleton (D:4)
  2 worms
  6 leopard geckos
  103 orcs
  4 giant cockroaches
  29 goblins
  18 hobgoblins
  7 jackals
  29 kobolds
  6 quokkas
  6 ball pythons
  6 bats
  9 frilled lizards
  2 goblin skeletons (D:10)
  4 goblin zombies (D:10)
  A hobgoblin skeleton (D:10)
  7 hobgoblin zombies (D:10)
  A jackal skeleton (D:4)
  3 orc skeletons (D:10)
  8 orc zombies (D:10)
  A quokka zombie (D:7)
  26 rats
  3 plants
  3 tentacles
1126 creatures vanquished.

Vanquished Creatures (collateral kills)
  A wizard (D:11)
  A cyclops (D:11)
  A merfolk siren (Lair:4)
  2 trolls
  4 yaks
  A soldier ant (Lair:2)
  A soldier ant (shapeshifter) (Lair:2)
  A porcupine (Lair:2)
  An orc warrior (Bailey)
  An ice beast (D:11)
  A big kobold (D:11)
  A killer bee (D:11)
  A jelly (D:11)
  An orc wizard (Orc:2)
  An iguana (D:11)
  An orc (Orc:2)
20 creatures vanquished.

Vanquished Creatures (others)
  An efreet (D:11)
  A troll (D:11)
  3 orc warriors
  A centaur (Orc:2)
  A crocodile (Lair:4)
  A bullfrog zombie (D:11)
  An adder (D:10)
  A howler monkey skeleton (D:11)
  2 orcs
  7 fungi
  22 plants
  18 spectral weapons
  32 tentacles
  6 withered plants (Snake:1)
97 creatures vanquished.

Grand Total: 1243 creatures vanquished

Notes
Turn   | Place    | Note
-------+----------+-------------------------------------------
     0 | D:1      | Jannitor the Octopode Gladiator began the quest for the Orb.
     0 | D:1      | Reached XP level 1. HP: 14/14 MP: 1/1
   124 | D:1      | Reached XP level 2. HP: 4/19 MP: 2/2
  1227 | D:2      | Reached XP level 3. HP: 24/25 MP: 3/3
  1264 | D:2      | Found a white marble altar of Elyvilon.
  1635 | D:2      | Reached XP level 4. HP: 29/30 MP: 4/4
  2868 | D:3      | Noticed Jessica
  2873 | D:3      | Killed Jessica
  2873 | D:3      | Reached XP level 5. HP: 28/36 MP: 5/5
  3544 | D:4      | Reached XP level 6. HP: 34/43 MP: 6/6
  4362 | D:4      | Noticed Blork the orc
  4395 | D:4      | Reached skill level 1 in Stealth
  4614 | D:4      | Reached XP level 7. HP: 48/49 MP: 7/7
  4805 | D:4      | Found a burning altar of Makhleb.
  4814 | D:4      | Reached skill level 5 in Polearms
  4814 | D:4      | Reached skill level 5 in Dodging
  4843 | D:4      | Found a deep blue altar of Sif Muna.
  4865 | D:4      | Killed Blork the orc
  4885 | D:4      | Found an ornate altar of the Wu Jian Council.
  5320 | D:4      | Found an iron altar of Okawaru.
  5660 | D:5      | Entered Level 5 of the Dungeon
  5936 | D:5      | Found a glowing drain.
  5948 | D:5      | Reached skill level 5 in Fighting
  5954 | Sewer    | Entered a sewer
  6003 | Sewer    | Reached skill level 1 in Shields
  6003 | Sewer    | Reached XP level 8. HP: 29/55 MP: 8/8
  6808 | D:5      | Found a staircase to the Ecumenical Temple.
  6980 | D:5      | Found a sacrificial altar of Ru.
  7339 | Temple   | Entered the Ecumenical Temple
  7431 | Temple   | Became a worshipper of Gozag Ym Sagoz the Greedy
  8225 | D:6      | Reached XP level 9. HP: 27/61 MP: 9/9
  8558 | D:7      | Found a stormy altar of Qazlal.
  8670 | D:6      | Reached skill level 1 in Evocations
  9278 | D:7      | Found a bloodstained altar of Trog.
  9278 | D:7      | Found a hide-covered altar of Uskayaw.
  9646 | D:7      | Found a shadowy altar of Dithmenos.
  9954 | D:6      | Reached XP level 10. HP: 39/71 MP: 12/12
 10572 | D:7      | Found a shimmering altar of Xom.
 10778 | D:8      | Noticed a death yak
 10780 | D:8      | Found a staircase to the Lair.
 10780 | D:8      | Noticed a death yak
 10780 | D:8      | Noticed a death yak
 11173 | D:9      | Found Ceex's Weapon Emporium.
 11479 | D:8      | Found a sparkling altar of Nemelex Xobeh.
 11492 | D:8      | Found a snail-covered altar of Cheibriados.
 11601 | Lair:1   | Entered Level 1 of the Lair of Beasts
 11851 | Lair:1   | Noticed a spiny frog
 11945 | Lair:1   | Noticed a spiny frog
 12410 | Lair:1   | Reached skill level 5 in Evocations
 12526 | Lair:2   | Noticed a six-headed hydra
 12976 | Lair:2   | Noticed Nergalle
 12984 | Lair:2   | Noticed Nergalle
 12984 | Lair:2   | Nergalle changed into Nergalle the glowing shapeshifter
 12985 | Lair:2   | Noticed Nergalle
 12985 | Lair:2   | Nergalle the glowing shapeshifter changed into Nergalle the shock serpent
 12987 | Lair:2   | Noticed Nergalle
 12987 | Lair:2   | Nergalle the shock serpent changed into Nergalle the dream sheep
 12989 | Lair:2   | Noticed Nergalle
 12989 | Lair:2   | Nergalle the dream sheep changed into Nergalle the jumping spider
 12990 | Lair:2   | Noticed Nergalle
 12990 | Lair:2   | Nergalle the jumping spider changed into Nergalle the polar bear
 12991 | Lair:2   | Noticed Nergalle
 12991 | Lair:2   | Nergalle the polar bear changed into Nergalle the queen bee
 12993 | Lair:2   | Noticed Nergalle
 12993 | Lair:2   | Nergalle the queen bee changed into Nergalle the troll
 12994 | Lair:2   | Noticed Nergalle
 12994 | Lair:2   | Nergalle the troll changed into Nergalle the polar bear
 13242 | D:9      | Noticed Eustachio
 13261 | D:9      | Killed Eustachio
 13605 | D:10     | Entered Level 10 of the Dungeon
 14001 | D:10     | Reached XP level 11. HP: 33/78 MP: 15/15
 14248 | D:10     | Identified the cursed +1 dire flail of Okawaru's Castigation {protect, Fragile rF+++ rN++ Stlth-} (You found it on level 10 of the Dungeon)
 15441 | D:10     | Found a staircase to the Orcish Mines.
 17169 | D:11     | Found Plog's Food Emporium.
 17207 | D:11     | Found Kiloen's Food Shop.
 17230 | D:11     | Found Terchajale's General Store.
 17238 | D:11     | Bought 2 potions of heal wounds for 160 gold pieces
 17238 | D:11     | Bought a scroll of fog for 32 gold pieces
 17238 | D:11     | Bought a potion of haste for 160 gold pieces
 17238 | D:11     | Bought a scroll of vulnerability for 120 gold pieces
 17238 | D:11     | Noticed a green ugly thing
 17308 | D:11     | Noticed a two-headed ogre
 17312 | D:11     | a two-headed ogre changed into a slime creature
 17495 | D:11     | Reached skill level 5 in Shields
 17553 | D:11     | Noticed a harpy
 17553 | D:11     | a guardian serpent changed into a harpy
 17555 | D:11     | Killed a harpy
 17631 | D:11     | Found Ethrirhudgh's Magic Scroll Shop.
 17639 | D:11     | Bought a scroll of blinking for 120 gold pieces
 17639 | D:11     | Bought a scroll of enchant armour for 120 gold pieces
 17639 | D:11     | Bought a scroll of holy word for 120 gold pieces
 17639 | D:11     | Bought a scroll of silence for 120 gold pieces
 17639 | D:11     | Bought a scroll of magic mapping for 56 gold pieces
 17648 | D:11     | Noticed a manticore
 17666 | D:11     | Killed a manticore
 18449 | Lair:2   | Reached XP level 12. HP: 86/86 MP: 17/17
 18502 | Lair:2   | Noticed Nergalle
 18509 | Lair:2   | Noticed Nergalle
 18509 | Lair:2   | Nergalle the ogre changed into Nergalle the black bear
 18510 | Lair:2   | Noticed Nergalle
 18510 | Lair:2   | Nergalle the black bear changed into Nergalle the yak
 18511 | Lair:2   | Noticed Nergalle
 18511 | Lair:2   | Nergalle the yak changed into Nergalle the jumping spider
 18518 | Lair:2   | Noticed Nergalle
 18519 | Lair:2   | Noticed Nergalle
 18519 | Lair:2   | Nergalle the human changed into Nergalle the water moccasin
 18521 | Lair:2   | Noticed Nergalle
 18521 | Lair:2   | Nergalle the water moccasin changed into Nergalle the soldier ant
 18526 | Lair:2   | Killed Nergalle the soldier ant
 18575 | Lair:2   | Reached skill level 10 in Polearms
 18581 | Lair:2   | Reached skill level 10 in Dodging
 19451 | Lair:3   | Learned a level 2 spell: Slow
 19721 | Lair:2   | Found a staircase to the Snake Pit.
 20328 | Lair:4   | Reached skill level 1 in Hexes
 20440 | Lair:4   | Reached skill level 10 in Fighting
 20440 | Lair:4   | Reached skill level 1 in Spellcasting
 20879 | Lair:4   | Found a staircase to the Shoals.
 22086 | Lair:4   | Noticed a five-headed hydra
 22787 | Lair:5   | Reached XP level 13. HP: 81/93 MP: 19/19
 23424 | Lair:6   | Entered Level 6 of the Lair of Beasts
 23952 | Orc:1    | Entered Level 1 of the Orcish Mines
 24177 | Orc:2    | Entered Level 2 of the Orcish Mines
 24181 | Orc:2    | Noticed Erolcha
 24197 | Orc:2    | Killed Erolcha
 24955 | Orc:1    | Found Ruol's Antique Weapon Shoppe.
 25097 | Orc:2    | Noticed an ettin
 25555 | Orc:2    | Killed an ettin
 26722 | D:11     | Found Dyolit's Distillery.
 26730 | D:11     | Bought a potion of heal wounds for 85 gold pieces
 26730 | D:11     | Bought a potion of haste for 170 gold pieces
 26730 | D:11     | Bought 2 potions of haste for 340 gold pieces
 26730 | D:11     | Bought a potion of brilliance for 68 gold pieces
 26730 | D:11     | Bought a potion of curing for 51 gold pieces
 27790 | D:11     | Learned a level 2 spell: Poisonous Vapours
 27825 | D:11     | Reached skill level 1 in Poison Magic
 28359 | D:11     | Noticed an ettin
 28384 | D:11     | Killed an ettin
 29837 | D:12     | Reached XP level 14. HP: 36/101 MP: 21/21
 30977 | D:11     | Reached skill level 5 in Poison Magic
 32766 | D:13     | Reached skill level 5 in Spellcasting
 32964 | D:13     | Found an iron altar of Okawaru.
 33626 | D:13     | Learned a level 5 spell: Borgnjor's Vile Clutch
 33633 | D:13     | Learned a level 6 spell: Death Channel
 33638 | D:13     | Learned a level 4 spell: Olgreb's Toxic Radiance
 33954 | D:13     | Reached skill level 1 in Necromancy
 34509 | D:14     | Found a shimmering altar of Xom.
 34523 | D:14     | Found a flagged portal.
 34534 | Bailey   | Entered a bailey
 34858 | Bailey   | Reached skill level 1 in Earth Magic
 35047 | Bailey   | Noticed an orc warlord
 35066 | Bailey   | Noticed a storm dragon
 35066 | Bailey   | an orc warlord changed into a storm dragon
 35085 | Bailey   | Killed a storm dragon
 35450 | Bailey   | Identified 2 scrolls of acquirement
 35469 | Bailey   | Gained mutation: You are resistant to hostile enchantments. (MR+) [potion of mutation]
 35469 | Bailey   | Gained mutation: Potions are less effective at restoring your health. [potion of mutation]
 35469 | Bailey   | Gained mutation: You possess an exceptional clarity of mind. [potion of mutation]
 35469 | Bailey   | Gained mutation: You are agile. (Dex +2) [potion of mutation]
 37021 | Lair:2   | Noticed Erica
 37030 | Lair:2   | Killed Erica
 37043 | Lair:2   | Learned a level 3 spell: Spectral Weapon
 37439 | Lair:6   | Reached XP level 15. HP: 89/108 MP: 23/23
 37551 | Lair:6   | Found a staircase to the Slime Pits.
 37632 | Lair:6   | Reached skill level 1 in Charms
 38358 | Lair:6   | Got a pitted buckler
 38369 | Lair:6   | Identified the -2 buckler of Philately {rF+ Str+4} (You acquired it on level 6 of the Lair of Beasts)
 39010 | Lair:6   | Found a large runed door.
 39032 | Lair:6   | Reached skill level 5 in Hexes
 39074 | Lair:6   | Learned a level 3 spell: Regeneration
 39401 | Lair:6   | Found a large runed door.
 40092 | Orc:2    | Noticed Josephine
 40104 | Orc:2    | Killed Josephine
 40216 | Orc:2    | Found Suroebam's Book Shoppe.
 40216 | Orc:2    | Found Eqoats's Armour Shop.
 40219 | Orc:2    | Found Exezicext's Distillery.
 40221 | Orc:2    | Found Umerhyer's General Store.
 40225 | Orc:2    | Bought a book of Transfigurations for 550 gold pieces
 40228 | Orc:2    | Bought a potion of heal wounds for 50 gold pieces
 40228 | Orc:2    | Bought a potion of agility for 40 gold pieces
 40228 | Orc:2    | Bought a potion of curing for 30 gold pieces
 40228 | Orc:2    | Bought a potion of haste for 100 gold pieces
 40228 | Orc:2    | Bought a potion of cancellation for 80 gold pieces
 40233 | Orc:2    | Bought a potion of haste for 160 gold pieces
 40576 | Orc:2    | Found a staircase to the Elven Halls.
 40974 | Shoals:1 | Entered Level 1 of the Shoals
 43010 | Shoals:2 | Reached XP level 16. HP: 91/114 MP: 21/25
 43386 | D:11     | Bought a ration for 55 gold pieces
 43386 | D:11     | Bought a ration for 55 gold pieces
 43386 | D:11     | Bought a ration for 55 gold pieces
 43386 | D:11     | Bought a ration for 55 gold pieces
 43386 | D:11     | Bought a ration for 55 gold pieces
 43386 | D:11     | Bought a ration for 55 gold pieces
 43386 | D:11     | Bought a ration for 55 gold pieces
 43386 | D:11     | Bought a ration for 55 gold pieces
 43386 | D:11     | Bought a ration for 55 gold pieces
 43386 | D:11     | Bought a ration for 55 gold pieces
 43386 | D:11     | Bought a ration for 55 gold pieces
 43386 | D:11     | Bought a ration for 55 gold pieces
 43386 | D:11     | Bought a ration for 55 gold pieces
 43403 | D:11     | Reached skill level 10 in Shields
 43795 | Shoals:2 | Found Kechyb's Weapon Shoppe.
 43907 | Shoals:2 | Found Kyq Zeutt's Distillery.
 43938 | Shoals:2 | Bought a potion of ambrosia for 112 gold pieces
 43938 | Shoals:2 | Bought a potion of heal wounds for 70 gold pieces
 43938 | Shoals:2 | Bought a potion of might for 56 gold pieces
 43938 | Shoals:2 | Bought a potion of curing for 42 gold pieces
 43938 | Shoals:2 | Bought a potion of invisibility for 112 gold pieces
 43938 | Shoals:2 | Bought a potion of agility for 56 gold pieces
 44018 | Shoals:2 | Found Samuy's Weapon Shop.
 44073 | Shoals:2 | Found Qyur's General Store.
 44093 | Shoals:2 | Bought a scroll of brand weapon for 340 gold pieces
 45216 | Shoals:3 | Reached skill level 5 in Charms
 45561 | Shoals:3 | Noticed a kraken
 45875 | Shoals:3 | Killed a kraken
 46527 | Shoals:4 | Entered Level 4 of the Shoals
 46642 | Snake:1  | Entered Level 1 of the Snake Pit
 47055 | Snake:1  | Found the +2 cloak of the Thief {+Fog Slay-2 SInv Stlth+}
 47245 | Snake:1  | Reached skill level 5 in Earth Magic
 47275 | Snake:1  | Found a runed gate.
 47275 | Snake:1  | Found a runed gate.
 47275 | Snake:1  | Found a runed gate.
 47276 | Snake:1  | Noticed ExaRaiun's ghost (journeyman HOFi)
 47278 | Snake:1  | Noticed facsimile's ghost (adept FoWz)
 47501 | Snake:1  | Found Ukolai Core's Armour Shoppe.
 48599 | Snake:2  | Reached XP level 17. HP: 115/121 MP: 26/28
 48867 | Snake:1  | Learned a level 6 spell: Statue Form
 49072 | Snake:2  | Found a runed gate.
 49073 | Snake:2  | Found an opulent altar of Gozag.
 49073 | Snake:2  | Noticed Pisosu's ghost (journeyman MiBe)
 49074 | Snake:2  | Found a runed gate.
 49074 | Snake:2  | Found a runed gate.
 50504 | Snake:2  | Reached skill level 5 in Necromancy
 51149 | Snake:3  | Found Ugoanoh's Antique Weapon Shoppe.
 52826 | Shoals:4 | Noticed a kraken
 52926 | Shoals:4 | Killed a kraken
 53031 | Shoals:4 | Reached XP level 18. HP: 126/129 MP: 31/31
 53067 | Shoals:4 | HP: 6/129 [satyr/sling bullet (33)]
 53067 | Shoals:4 | Shot with a sling bullet by a satyr

Skill      XL: |  1  2  3  4  5  6  7  8  9 10 11 12 13 14 15 16 17 |
---------------+----------------------------------------------------+-----
Fighting       | 3 4 5 6 7 8 9 10 11 12 13 | 13.6
Polearms       | 4 5 6 7 8 9 10 11 12 13 | 13.7
Dodging        | 4 5 6 7 8 9 10 11 | 11.8
Stealth        | 1 3 4 |  4.8
Shields        | 1 3 4 5 6 8 9 10 11 | 11.7
Evocations     | 3 6 7 9 |  9.6
Hexes          | 3 4 6 7 |  7.8
Spellcasting   | 2 4 5 6 7 9 |  9.0
Poison Magic   | 4 7 8 |  8.6
Necromancy     | 3 4 6 |  6.2
Earth Magic    | 2 3 5 7 |  7.4
Charms         | 4 6 |  6.3
Throwing       | |  2.0

Action                   |  1- 3 |  4- 6 |  7- 9 | 10-12 | 13-15 | 16-18 || total
-------------------------+-------+-------+-------+-------+-------+-------++-------
Melee: Trident           |    82 |   101 |   410 |  1144 |  1052 |       ||  2789
       Constrict         |    18 |    19 |    84 |   140 |   162 |    59 ||   482
       Tentacles         |    13 |    13 |    75 |   255 |   360 |   123 ||   839
       Demon trident     |       |       |       |       |   565 |   789 ||  1354
Throw: Throwing net      |     1 |       |       |       |       |       ||     1
       Javelin           |       |     2 |       |     4 |       |       ||     6
       Stone             |       |       |       |     6 |     1 |       ||     7
 Cast: Slow              |       |       |       |       |     7 |       ||     7
       Olgreb's Toxic Ra |       |       |       |       |    15 |    16 ||    31
       Poisonous Vapours |       |       |       |       |    12 |     5 ||    17
       Borgnjor's Vile C |       |       |       |       |     1 |     1 ||     2
       Spectral Weapon   |       |       |       |       |    36 |    62 ||    98
       Regeneration      |       |       |       |       |    12 |    38 ||    50
Invok: Call Merchant     |       |       |       |     2 |     2 |       ||     4
       Potion Petition   |       |       |       |       |     1 |       ||     1
 Abil: Evoke Berserk Rag |       |       |       |       |     2 |       ||     2
Evoke: Wand              |       |       |     6 |    52 |    39 |     1 ||    98
       Sack of spiders   |       |       |       |     2 |       |       ||     2
  Use: Scroll            |       |    11 |     3 |    16 |    21 |     6 ||    57
       Potion            |       |       |     7 |    12 |    13 |     4 ||    36
 Stab: Sleeping          |     6 |     8 |    24 |    28 |    38 |    16 ||   120
       Paralysed         |       |       |     3 |    10 |       |       ||    13
       Distracted        |       |       |     2 |     7 |    28 |    10 ||    47
       Invisible         |       |       |       |     3 |     1 |       ||     4
  Eat: Chunk             |     2 |    18 |    10 |       |       |       ||    30
       Ration            |       |       |     1 |    13 |    21 |    11 ||    46
Armor: Skin              |     4 |     4 |     4 |    12 |     6 |     1 ||    31
Dodge: Dodged            |    41 |    59 |   206 |   466 |   517 |   287 ||  1576
Block: Buckler           |       |       |    54 |    56 |       |       ||   110
       Shield            |       |       |       |   394 |   681 |   406 ||  1481
